 Dungeon Crawl Stone Soup version 0.25-a0-435-g4b9beb1024 (webtiles) character file.

Game seed: 11631674116836444091, levelgen mode: deterministic

1172 Elellon the Thaumaturge (level 8, -11/41 HPs)
             Began as a Deep Elf Conjurer on Jan 26, 2020.
             Shot with a sling bullet by Joseph (13 damage)
             ... on level 7 of the Dungeon.
             The game lasted 00:09:16 (7004 turns).

Elellon the Thaumaturge (Deep Elf Conjurer)         Turns: 7004, Time: 00:09:17

Health: -11/41     AC:  7    Str:  7    XL:     8   Next: 18%
Magic:  0/23       EV: 13    Int: 21    God:
Gold:   197        SH:  0    Dex: 15    Spells: 19/26 levels left

rFire    . . .     SeeInvis .   h - +0 short sword
rCold    . . .     Gourm    .   (no shield)
rNeg     . . .     Faith    .   a - +0 robe
rPois    .         Spirit   +   d - +2 helmet
rElec    .         Reflect  .   v - scarf {Spirit}
rCorr    .         Harm     .   (no gloves)
MR       .....                  x - +1 pair of boots
Stlth    ++........             (no amulet)
HPRegen  0.13/turn              (no ring)
MPRegen  0.18/turn              (no ring)

@: lightly drained
A: no striking features
a: no special abilities


You were on level 7 of the Dungeon.
You were not hungry.

You visited 1 branch of the dungeon, and saw 7 of its levels.

You collected 252 gold pieces.
You spent 55 gold pieces at shops.

Inventory:

Hand Weapons
 h - a +0 short sword (weapon)
Armour
 a - a +0 robe (worn)
 d - a +2 helmet (worn)
 u - a +0 cloak
 v - a scarf of spirit shield (worn)
 x - a +1 pair of boots (worn)
Jewellery
 y - an uncursed ring of protection from cold {unknown}
Wands
 f - a wand of clouds (6)
Scrolls
 e - 7 scrolls of identify
 i - 4 scrolls of teleportation {unknown}
 j - 2 scrolls of fear {unknown}
 k - 2 scrolls of remove curse {unknown}
 n - a scroll of amnesia {unknown}
 o - 5 scrolls of magic mapping
 r - 3 scrolls of random uselessness {unknown}
 s - a scroll of enchant weapon {unknown}
 t - a scroll of blinking {unknown}
Potions
 b - a potion of berserk rage {unknown}
 g - 2 potions of resistance {unknown}
 l - 2 potions of haste {unknown}
 m - 2 potions of mutation {unknown}
 p - a potion of degeneration {unknown}
 q - 3 potions of curing
 w - 2 potions of might
 z - a potion of magic {unknown}
 A - a potion of brilliance {unknown}
 B - a potion of invisibility {unknown}
Comestibles
 c - 12 rations


   Skills:
 - Level 2.4(2.2) Dodging
 - Level 2.4(2.2) Stealth
 + Level 9.5(9.3) Spellcasting
 + Level 8.8(8.6) Conjurations


You had 19 spell levels left.
You knew the following spells:

 Your Spells              Type           Power        Failure   Level  Hunger
a - Magic Dart            Conj           ####         1%          1    None
b - Searing Ray           Conj           #####.       1%          2    None
c - Iskenderun's Mystic   Conj/Tloc      ####....     12%         4    ##.....

Your spell library contained the following spells:

 Spells                   Type           Power        Failure   Level  Hunger
 Dazzling Flash           Conj/Hex       ####..       3%          3    None
 Beastly Appendage        Tmut           #.....       7%          1    None
 Sticks to Snakes         Tmut           #.......     11%         2    None
 Fulminant Prism          Conj/Hex       ####......   12%         4    ##.....
 Spider Form              Tmut/Pois      #.........   22%         3    None
 Ice Form                 Ice/Tmut       #.......     56%         4    ##.....
 Blade Hands              Tmut           #.........   89%         5    #####..


Dungeon Overview and Level Annotations

Branches:
Dungeon (7/15)             Temple (0/1) D:6

Altars:
Ashenzari
Dithmenos
Elyvilon
Fedhas
Gozag
Hepliaklqana
Makhleb
Nemelex Xobeh
Okawaru
Qazlal
Uskayaw
Wu Jian
Xom
Yredelemnul

Shops:
D:2 *   D:4 ?}   D:7 (

Annotations:
D:7 Joseph


Message History

* * * LOW HITPOINT WARNING * * *
x2
Casting: Searing Ray (safe; 1% risk of failure)
Confirm with . or Enter, or press ? or * to list all spells.
Aiming: Searing Ray (safe; 1% risk of failure)
Press: ? - help, Shift-Dir - straight line, f/p - Joseph
Aim: Joseph, wielding a +1 vorpal hunting sling, wearing a +1 leather armour of cold resistance and quivering 18 sling bullets (heavily wounded)
The searing ray hits Joseph!
Joseph is severely wounded. (Press . to maintain the ray.) Joseph shoots a sling bullet.
The sling bullet hits you.
* * * LOW HITPOINT WARNING * * *
x2 Without enough magic to sustain it, your searing ray dissipates.
Unknown command.
Casting: Searing Ray (safe; 1% risk of failure)
Confirm with . or Enter, or press ? or * to list all spells.
You don't have enough magic to cast that spell.
Joseph says, "I'm happy to see you. And I'll be happy to kill you."
Joseph shoots a sling bullet.
The sling bullet misses you.
Joseph shoots a sling bullet.
The sling bullet hits you!
You die...

....#..##..##....#####........
....#...#............'........
....#................#........
....##......###..##..#........
.######.._..###..##..+........
.#...........#...#####........
.#...........#...#(...........
.##+######.#######....######..
.............(..@.(.@.'....#
.....(................#....#
..................##### ...#
..................# ..#
..................# .#
..................# #
..............#+###
..........##+## ##'###....#


You could see Joseph.

Vanquished Creatures
  2 ogres
  Blork the orc (D:6)
  A gnoll sergeant (D:7)
  2 bullfrogs
  3 wights (D:7)
  2 howler monkeys
  A bullfrog zombie (D:5)
  A centaur skeleton (D:6)
  2 orc priests
  2 jellies
  An orc wizard (D:3)
  A worker ant (D:7)
  A killer bee zombie (D:6)
  4 adders
  11 gnolls
  A shadow imp (D:5)
  5 worms
  2 dart slugs
  6 leopard geckos
  14 orcs
  5 ball pythons
  7 giant cockroaches
  7 goblins
  6 hobgoblins
  9 jackals
  9 kobolds
  3 quokkas
  12 bats
  2 frilled lizards
  7 rats
130 creatures vanquished.

Notes
Turn   | Place    | Note
-------+----------+-------------------------------------------
     0 | D:1      | Elellon the Deep Elf Conjurer began the quest for the Orb.
     0 | D:1      | Reached XP level 1. HP: 10/10 MP: 6/6
   242 | D:1      | Reached XP level 2. HP: 15/15 MP: 0/8
  1036 | D:2      | Noticed a fire elemental
  1059 | D:2      | Found an opulent altar of Gozag.
  1059 | D:2      | Found Gozag's Platinum Reserve.
  1153 | D:2      | Reached skill level 4 in Spellcasting
  1327 | D:2      | Reached XP level 3. HP: 19/19 MP: 6/10
  1329 | D:2      | Reached skill level 5 in Conjurations
  1689 | D:2      | Noticed an earth elemental
  1870 | D:2      | Noticed a water elemental
  1908 | D:2      | Found a stormy altar of Qazlal.
  1911 | D:2      | Noticed an air elemental
  1963 | D:2      | Reached XP level 4. HP: 24/24 MP: 3/12
  2284 | D:2      | Reached skill level 5 in Spellcasting
  2419 | D:2      | Learned a level 2 spell: Searing Ray
  2424 | D:2      | Learned a level 4 spell: Iskenderun's Mystic Blast
  2776 | D:3      | Found a hide-covered altar of Uskayaw.
  2935 | D:3      | Reached XP level 5. HP: 24/28 MP: 6/14
  3353 | D:3      | Reached skill level 6 in Spellcasting
  3768 | D:3      | Reached XP level 6. HP: 32/32 MP: 15/17
  4010 | D:3      | Found a sparkling altar of Nemelex Xobeh.
  4014 | D:3      | Found a shadowy altar of Dithmenos.
  4014 | D:3      | Found a white marble altar of Elyvilon.
  4014 | D:3      | Found an ornate altar of the Wu Jian Council.
  4015 | D:3      | Found a hazy altar of Hepliaklqana.
  4029 | D:3      | Found an iron altar of Okawaru.
  4032 | D:3      | Found a blossoming altar of Fedhas.
  4033 | D:3      | Found a burning altar of Makhleb.
  4171 | D:4      | Found Qunnyf's Gadget Boutique.
  4561 | D:4      | Reached skill level 7 in Spellcasting
  4741 | D:4      | Found Faijuam's Magic Scroll Emporium.
  4752 | D:4      | Bought a scroll of magic mapping for 35 gold pieces
  4752 | D:4      | Bought a scroll of identify for 20 gold pieces
  4843 | D:4      | Found a shattered altar of Ashenzari.
  5056 | D:5      | Entered Level 5 of the Dungeon
  5437 | D:5      | Found a shimmering altar of Xom.
  5438 | D:5      | Found a shimmering altar of Xom.
  5485 | D:5      | Reached XP level 7. HP: 36/36 MP: 17/19
  6027 | D:6      | Noticed Blork the orc
  6034 | D:6      | Killed Blork the orc
  6034 | D:6      | Reached skill level 8 in Spellcasting
  6375 | D:6      | Found a staircase to the Ecumenical Temple.
  6536 | D:7      | Found Assu's Antique Weapon Boutique.
  6549 | D:7      | Reached skill level 9 in Spellcasting
  6698 | D:7      | Reached XP level 8. HP: 41/41 MP: 20/23
  6961 | D:7      | Found a basalt altar of Yredelemnul.
  6989 | D:7      | Noticed Joseph
  7001 | D:7      | HP: 2/41 [Joseph/sling bullet (6)]
  7004 | D:7      | Shot with a sling bullet by Joseph

Levels and vault maps discovered:
D:1:      co_arrival_random_square_maze, layout_rooms
D:2:      layout_rooms, nicolae_qazlal_style_of_elements,
          nicolae_gozag_zags_fifth_avenue, chequers_serial_rivers_large_b
D:3:      layout_loops_corners, overflow_temple_1_default, minitemple,
          first_ration, nrook_campfire
D:4:      layout_basic, nicolae_overflow_crystal_walls, serial_shops, shop, shop
D:5:      layout_basic, xom_redecorated
D:6:      layout_rooms, minmay_temple_entry_from_below_b, minmay_misc_feat_rows,
          uniq_blork_the_orc
D:7:      layout_gridville, basic_altar, serial_shops, nicolae_shop_waterfront,
          uniq_joseph

Skill      XL: |  1  2  3  4  5  6  7 |
---------------+----------------------+-----
Spellcasting   | 4 5 6 7 9 |  9.5
Conjurations   | 5 6 7 8 |  8.8
Dodging        | |  2.4
Stealth        | |  2.4

Action                   |  1- 3 |  4- 6 |  7- 9 || total
-------------------------+-------+-------+-------++-------
Melee: Short sword       |     8 |     2 |       ||    10
 Cast: Magic Dart        |   114 |   166 |    37 ||   317
       Searing Ray       |       |     6 |    16 ||    22
  Use: Scroll            |       |     2 |       ||     2
  Eat: Chunk             |     3 |    10 |     5 ||    18
Armor: Robe              |    12 |     6 |     2 ||    20
Dodge: Dodged            |    59 |    17 |     8 ||    84

Table legend:
 A = Non-vault XP
 B = Vault XP
 C = Vault XP percentage of total XP
 D = Non-vault monster count
 E = Vault monster count
 F = Vault count percentage of total count
                 A         B        C        D         E       F
            +---------+---------+-------+---------+---------+-------
      Total |    1579 |      96 |   5.7 |     129 |       1 |   0.8
            +---------+---------+-------+---------+---------+-------
        D:1 |      42 |       0 |   0.0 |      22 |       0 |   0.0
        D:2 |     143 |       0 |   0.0 |      35 |       0 |   0.0
        D:3 |     210 |       0 |   0.0 |      37 |       0 |   0.0
        D:4 |     240 |       0 |   0.0 |      10 |       0 |   0.0
        D:5 |     196 |       0 |   0.0 |       8 |       0 |   0.0
        D:6 |     254 |      96 |  27.4 |       5 |       1 |  16.7
        D:7 |     494 |       0 |   0.0 |      12 |       0 |   0.0
            +---------+---------+-------+---------+---------+-------
